Map: Terraform LE (Void)

Players

Art

  • Race: Terran Terran
  • League: Gold

Javert - Winner!

  • Race: Zerg Zerg
  • League: Grandmaster

VOD

Have the link to the VOD?

Description

Time

  • Played on: Sept. 21, 2015, 11:15 p.m.
  • Length: 9:30
Show
View Real Time Build Order
Export as new Build Order

Art Terran 

Build Orders: Hellion Banshee, Mech 

Get SALT Encoding   

  12  0:01  SCV  
  13  0:13  SCV  
  14  0:20  Supply Depot  
  14  0:25  SCV  
  15  0:42  SCV, Barracks  
  16  0:54  SCV  
  17  1:06  SCV  
  19  1:29  Orbital Command  
  19  1:30  Marine  
  19  1:35  Command Center  
  19  1:41  Bunker  
  19  1:45  Refinery  
  19  1:48  Refinery, Marine  
  19  1:55  SCV  
  20  2:07  SCV  
  21  2:09  Supply Depot  
  21  2:19  SCV  
  22  2:23  Marine  
  23  2:31  SCV  
  24  2:41  Factory  
  24  2:43  SCV  
  25  2:48  Orbital Command  
  26  2:54  Barracks Reactor  
  26  2:55  SCV  
  26  3:08  SCV  
  27  3:17  Supply Depot  
  27  3:19  SCV  
  27  3:20  SCV  
  28  3:27  Starport  
  28  3:31  SCV  
  28  3:32  SCV  
  30  3:39  Barracks Tech Lab  
  30  3:44  SCV x2  
  32  3:50  Supply Depot  
  35  3:55  Hellion x2  
  35  3:56  SCV  
  35  4:00  Orbital Command  
  35  4:08  SCV, Viking  
  34  4:18  Hellion  
  34  4:19  Hellion  
  34  4:24  Supply Depot  
  36  4:28  SCV  
  36  4:29  Command Center  
  37  4:34  SCV  
  38  4:48  Banshee  
  38  4:51  SCV  
  42  4:57  Hellion x2  
  46  5:03  SCV  
  46  5:26  Orbital Command  
  46  5:31  Hellion x2  
  50  5:37  Armory  
  50  5:38  Supply Depot  
  50  5:41  Engineering Bay  
  50  5:49  SCV  
  51  5:50  Orbital Command  
  51  6:01  SCV  
  52  6:05  Factory  
  52  6:13  SCV  
  52  6:18  SCV  
  54  6:22  Barracks Tech Lab, Hellion x2  
  58  6:26  SCV  
  58  6:30  SCV  
  60  6:39  SCV  
  61  6:42  SCV  
  62  6:51  SCV  
  62  6:54  SCV  
  57  7:13  Siege Tank  
  57  7:14  Hellion x2  
  53  7:35  SCV x2, Hellion x2  
  59  7:37  Orbital Command  
  59  7:45  Siege Tank  
  59  7:46  Supply Depot  
  59  7:47  SCV x2, Hi-Sec Auto Tracking  
  59  7:48  Factory  
  61  7:59  Starport Reactor  
  61  8:02  SCV  
  62  8:06  Hellion  
  62  8:07  Hellion  
  62  8:09  Missile Turret  
  66  8:13  SCV, Missile Turret  
  66  8:14  SCV  
  66  8:17  Siege Tank  
  71  8:23  SCV  
  71  8:25  SCV  
  65  8:35  SCV  
  65  8:36  Hellion x2  
  65  8:38  SCV  
  56  8:49  Viking x2, Siege Tank  
  61  8:57  Hellion x2  
Show
View Real Time Build Order
Export as new Build Order

Javert Zerg - Winner!

Build Orders: Hatch First 

Get SALT Encoding   

  12  0:01  Drone  
  13  0:13  Overlord  
  13  0:19  Drone  
  14  0:31  Drone  
  14  0:32  Drone  
  16  0:35  Drone  
  17  0:54  Hatchery  
  17  0:55  Drone  
  17  0:59  Extractor  
  17  1:01  Drone  
  17  1:08  Drone  
  18  1:21  Spawning Pool  
  18  1:25  Drone  
  18  1:32  Drone  
  19  1:39  Drone  
  20  1:51  Drone  
  21  2:00  Overlord  
  21  2:09  Queen x2  
  21  2:11  Zergling x2  
  21  2:12  Metabolic Boost  
  26  2:17  Drone  
  26  2:20  Drone  
  28  2:24  Drone  
  29  2:32  Zergling x2  
  29  2:36  Zergling x2  
  31  2:40  Zergling x2  
  32  2:50  Overlord  
  32  2:52  Zergling x2  
  33  3:00  Drone x2  
  35  3:08  Drone  
  36  3:24  Zergling x2  
  36  3:25  Zergling x14  
  44  3:30  Overlord  
  44  3:38  Overlord  
  43  3:51  Zergling x2  
  43  3:52  Zergling x8  
  46  4:02  Zergling x2  
  46  4:03  Zergling x14  
  46  4:05  Drone  
  53  4:16  Drone  
  53  4:17  Drone  
  55  4:33  Queen  
  57  4:39  Roach Warren  
  57  4:43  Hatchery  
  55  4:49  Drone x4, Overlord  
  55  4:51  Lair  
  59  4:54  Extractor  
  59  4:55  Overlord  
  59  4:59  Overlord  
  58  5:00  Overlord  
  58  5:14  Overlord  
  58  5:16  Overlord  
  58  5:17  Overlord  
  56  5:33  Drone x7  
  56  5:34  Drone x3  
  66  5:41  Overlord  
  66  5:44  Extractor  
  66  5:45  Extractor  
  65  5:50  Roach x4  
  69  5:57  Roach  
  71  6:04  Spore Crawler  
  71  6:05  Overlord  
  71  6:07  Spire  
  69  6:11  Spore Crawler  
  67  6:22  Queen  
  65  6:39  Spore Crawler  
  64  6:47  Roach x7  
  76  6:54  Overlord  
  70  7:24  Mutalisk x5  
  80  7:37  Overlord, Mutalisk  
  80  7:44  Drone x5  
  87  8:02  Drone x3  
  87  8:03  Drone x4  
  94  8:08  Overlord  
  94  8:13  Baneling Nest  
  94  8:17  Drone x5  
  76  8:56  Drone x6  
  76  8:57  Drone  
  76  9:04  Drone x4  
  76  9:05  Drone x4  
Tags
 
Add a new tag
Caveats
  • Supply blocks, unpowered buildings, or Contaminate may cause inaccurate times.
  • Supply counts are checked every 10 seconds.